AoeStats
← Ziko

Arabian Desert

510823117Analyzed
1v1 RM · 14h ago on Oct 2, 2026· 36m 29s· 2 players
Game mode
Random Map
Map size
Tiny (2 player)
Population
200
Speed
Normal
Resources
Standard
Victory
Conquest
Starting age
Dark Age
Ending age
Imperial Age
RankedLock teamsTeams togetherTeam positionsShared explorationLock speedFull tech treeHidden civsTurbo modeCheats
Victory
Defeat
🇫🇷 Malians · France
1436
+18
🇺🇸 Slavs · United States
1473
-18
Ziko
6:25 Loom
9:34 Feudal Age
10:46 Double-Bit Axe
16:48 Scale Barding Armor
20:58 Castle Age
18:57 Horse Collar
20:22 Bloodlines
21:09 Forging
22:14 Chain Barding Armor
29:02 Wheelbarrow
34:35 Iron Casting
sabernosefish
6:37 Loom
9:22 Feudal Age
9:47 Horse Collar
16:28 Forging
18:22 Scale Barding Armor
18:31 Bloodlines
18:45 Town Watch
21:17 Wheelbarrow
23:30 Castle Age
22:10 Double-Bit Axe
22:43 Scale Mail Armor
24:02 Pikeman
25:01 Bow Saw
24:56 Squires
24:57 Husbandry
25:20 Man-at-Arms
29:53 Heavy Plow
32:37 Chain Barding Armor
34:00 Iron Casting
34:20 Fletching
Connection lost

Rejoining the realm…

Still unreachable

The connection could not be restored.

Session expired

The server has moved on; the page needs a fresh start.